Barracuda vs Eagles
Created - February 15, 2023 at 19:31
Goals
|
Barracuda |
2 |
0 |
2 |
4 |
Eagles |
2 |
3 |
0 |
5 |
|
Shots
|
Barracuda |
15 |
8 |
6 |
29 |
Eagles |
16 |
11 |
8 |
35 |
|
1st period
1. Eagles , Joseph Blandisi 11 (Nick Cousins 36, Jonathan Marchessault 39) at 0:21
2. Barracuda , Kurtis Macdermid 10 (Emil Pettersson 41, William Carrier 35) at 9:20 (SH)
3. Eagles , Joseph Blandisi 12 (Jonathan Marchessault 40, Ryan Murphy 18) at 9:32 (PP)
4. Barracuda , William Carrier 21 (Brandon Kozun 29) at 12:33
Penalties :
Ryan Murphy (Col) for Tripping (Minor) at 2:05, Anthony Duclair (Col) for Holding (Minor) at 5:17, Eric Gustafsson (S.J) for Roughing (Minor) at 8:29, Noah Gregor (S.J) for Slashing (Minor) at 14:22, Emil Pettersson (S.J) for Holding (Minor) at 18:24
2nd period
5. Eagles , Nick Cousins 32 (Joseph Blandisi 18) at 1:10
6. Eagles , Anthony Duclair 23 (Connor Carrick 21, Drake Caggiula 23) at 1:16
7. Eagles , Anthony Duclair 24 (Keaton Middleton 4, Matteson Iacopelli 12) at 14:48
Penalties :
Nick Cousins (Col) for Roughing (Minor) at 2:01, Tyler Motte (Col) for Tripping (Minor) at 8:43
3rd period
8. Barracuda , Noah Gregor 6 (Cole Ully 25, Chris Wagner 16) at 5:33
9. Barracuda , Kurtis Macdermid 11 (Theodor Blueger 24, Robin Norell 9) at 10:31 (PP)
Penalties :
Xavier Ouellet (Col) for Goalie Interference (Minor) at 10:15, Noah Gregor (S.J) for Holding (Minor) at 11:45, Alex Henriksson (S.J) for Charging (Minor) at 16:35
Goalie Stats
Joacim Eriksson (S.J), 16 saves from 17 shots - (0.941), L, 12-15-5, 38:44 minutes
Oscar Dansk (S.J), 14 saves from 18 shots - (0.778), 21:16 minutes
Antoine Bibeau (Col), 25 saves from 29 shots - (0.862), W, 8-3-1, 60:00 minutes
Players Stats for Barracuda
Player Name G A P +/- PIM S H SB GA TA FO MP PP MP PK MP
------------------------------------------------------------------------------------
Aleksi Heponiemi 0 0 0 0 0 0 0 0 0 0 1/2 6:45 0:00 0:50
Alex Henriksson 0 0 0 0 2 0 2 0 0 0 0/0 7:23 0:15 0:38
Brandon Kozun 0 1 1 0 0 0 3 2 0 1 3/10 24:39 4:01 4:53
Chris Wagner 0 1 1 1 0 0 1 0 1 0 0/0 11:15 0:08 1:49
Cole Ully 0 1 1 1 0 2 0 1 0 0 1/1 10:38 0:15 0:03
Emil Pettersson 0 1 1 1 2 0 2 0 1 0 6/18 21:39 3:54 2:03
Eric Gustafsson 0 0 0 -2 2 3 1 0 2 2 0/0 27:35 4:52 5:16
Jerome Gauthier-Leduc 0 0 0 1 0 0 0 0 0 0 0/0 10:52 0:01 0:00
Jordan Gross 0 0 0 2 0 0 1 0 0 0 0/0 11:43 0:01 0:51
Justin Shugg 0 0 0 -3 0 1 2 2 0 0 0/0 14:54 4:03 0:00
Kurtis Macdermid 2 0 2 -2 0 5 0 1 1 0 1/1 18:41 4:03 2:47
Mario Lucia 0 0 0 0 0 0 0 1 0 0 0/0 5:55 0:00 0:00
Noah Gregor 1 0 1 1 4 3 1 0 0 0 1/3 9:41 0:00 0:00
Robin Norell 0 1 1 -1 0 0 0 0 0 1 0/0 20:41 3:19 2:52
Samuel Groulx 0 0 0 -1 0 1 0 1 0 1 0/0 20:41 3:19 2:52
Scott Harrington 0 0 0 -1 0 4 2 2 0 2 0/0 28:27 4:52 6:07
Theodor Blueger 0 1 1 -3 0 4 0 1 1 0 8/19 14:54 4:03 0:00
William Carrier 1 1 2 0 0 6 3 0 1 0 0/2 24:33 3:54 4:55
Players Stats for Eagles
Player Name G A P +/- PIM S H SB GA TA FO MP PP MP PK MP
------------------------------------------------------------------------------------
Anthony Duclair 2 0 2 1 2 4 3 0 0 1 1/2 15:39 3:51 0:57
Chris Calhan 0 0 0 -1 0 1 0 0 0 0 0/0 9:56 0:00 0:00
Connor Carrick 0 1 1 0 0 1 1 1 0 1 0/0 18:54 3:25 3:35
Dominik Kubalik 0 0 0 0 0 0 0 0 0 0 0/0 0:33 0:05 0:27
Drake Caggiula 0 1 1 1 0 3 2 0 1 0 6/10 18:11 3:49 3:13
Gabriel Vilardi 0 0 0 0 0 1 0 0 0 0 0/0 6:04 0:00 0:00
Jared McCann 0 0 0 -1 0 3 0 0 0 0 2/7 9:56 0:00 0:00
John Ramage 0 0 0 1 0 0 0 1 0 2 0/0 26:51 5:34 4:37
Jonathan Marchessault 0 2 2 1 0 4 2 0 0 0 20/28 24:58 4:48 4:35
Jonathan Racine 0 0 0 0 0 0 0 0 0 0 0/0 18:54 3:25 3:35
Joseph Blandisi 2 1 3 1 0 6 0 0 1 0 1/2 22:46 4:55 2:20
Keaton Middleton 0 1 1 0 0 0 2 0 0 0 0/0 11:16 0:00 1:10
Marian Studenic 0 0 0 0 0 0 0 0 0 0 0/0 0:00 0:00 0:00
Mark Friedman 0 0 0 0 0 0 0 1 0 0 0/0 5:09 0:00 0:13
Matteson Iacopelli 0 1 1 1 0 0 4 0 0 0 1/1 14:38 3:51 0:00
Max Lajoie 0 0 0 0 0 0 0 1 0 0 0/0 4:09 0:00 0:00
Michael Carcone 0 0 0 0 0 1 1 0 0 1 0/0 6:04 0:00 0:00
Michael Dal Colle 0 0 0 0 0 0 1 0 0 0 1/1 1:58 0:00 1:28
Nick Cousins 1 1 2 1 2 5 3 0 5 0 1/2 22:41 4:47 3:24
Pius Suter 0 0 0 0 0 0 0 0 0 0 0/0 0:25 0:25 0:00
Ryan Murphy 0 1 1 1 2 1 3 0 0 2 0/0 25:02 5:34 3:14
Sam Steel 0 0 0 0 0 0 0 0 0 0 0/0 1:31 0:26 0:00
Tyler Motte 0 0 0 -1 2 2 1 0 0 0 0/0 9:59 0:00 0:00
Xavier Ouellet 0 0 0 0 2 2 0 0 0 0 0/0 10:05 0:00 0:00
Zach Aston-Reese 0 0 0 0 0 1 1 1 0 0 2/3 6:04 0:00 0:00
3 Stars
1 - Joseph Blandisi (Col)
2 - Anthony Duclair (Col)
3 - Nick Cousins (Col)
Power Play
Barracuda - 1 on 5 Attempt(s) - 20.00%
Eagles - 1 on 5 Attempt(s) - 20.00%
Penalty Kill
Barracuda - 4 on 5 Attempt(s) - 80.00%
- Score 1 goal in Penalty Kill
Eagles - 4 on 5 Attempt(s) - 80.00%
- Score 0 goal in Penalty Kill
Team Stat
Barracuda - Hits : 18 - Faceoff Wins : 21 - Blocked Shots : 11 - Penalty Minutes : 10
Eagles - Hits : 24 - Faceoff Wins : 35 - Blocked Shots : 5 - Penalty Minutes : 10
Official
Referees : Justin St. Pierre and Kyle Rehman
Linesman : Kiel Murchison and Matt MacPherson
Game Notes
Joacim Eriksson enters game at 1:16 of 2nd period
Finance
Level 1 -- Attendance: 1896 (94.80%) -- Ticket Income $66,360
Level 2 -- Attendance: 834 (83.40%) -- Ticket Income $12,510
Total Attendance: 2730 (91.00%)
Total Ticket Income: $78,870
Other Income: $3,944
Total Income: $82,814
Barracuda
5 vs 5 Forward
Center Left Wing Right Wing Time % Phy DF OF
1 Emil Pettersson William Carrier Brandon Kozun 40 1 2 2
2 Theodor Blueger Kurtis Macdermid Justin Shugg 30 1 2 2
3 Noah Gregor Cole Ully Chris Wagner 20 1 2 2
4 Aleksi Heponiemi Alex Henriksson Mario Lucia 10 1 2 2
5 vs 5 Defense
Defense Defense Time % Phy DF OF
1 Scott Harrington Eric Gustafsson 40 1 2 2
2 Samuel Groulx Robin Norell 30 1 2 2
3 Jerome Gauthier-Leduc Jordan Gross 20 1 2 2
4 Scott Harrington Eric Gustafsson 10 1 2 2
PowerPlay Forward
Center Left Wing Right Wing Time % Phy DF OF
1 Emil Pettersson William Carrier Brandon Kozun 60 1 1 3
2 Theodor Blueger Kurtis Macdermid Justin Shugg 40 1 1 3
PowerPlay Defense
Defense Defense Time % Phy DF OF
1 Scott Harrington Eric Gustafsson 60 1 2 2
2 Samuel Groulx Robin Norell 40 1 2 2
Penalty Kill 4 Players Forward
Center Wing Time % Phy DF OF
1 Brandon Kozun William Carrier 60 1 4 0
2 Emil Pettersson Kurtis Macdermid 40 1 4 0
Penalty Kill 4 Players Defense
Defense Defense Time % Phy DF OF
1 Scott Harrington Eric Gustafsson 60 1 4 0
2 Samuel Groulx Robin Norell 40 1 4 0
Penalty Kill - 3 Players Forward
Forward Time % Phy DF OF
1 Brandon Kozun 60 1 4 0
2 William Carrier 40 1 4 0
Penalty Kill - 3 Players Defense
Defense Defense Time % Phy DF OF
1 Scott Harrington Eric Gustafsson 60 1 4 0
2 Samuel Groulx Robin Norell 40 1 4 0
4 vs 4 Forward
Center Wing Time % Phy DF OF
1 Brandon Kozun William Carrier 60 1 2 2
2 Emil Pettersson Kurtis Macdermid 40 1 2 2
4 vs 4 Defense
Defense Defense Time % Phy DF OF
1 Scott Harrington Eric Gustafsson 60 1 2 2
2 Samuel Groulx Robin Norell 40 1 2 2
Last Minutes Offensive
Center Left Wing Right Wing Defense Defense
Emil Pettersson William Carrier Brandon Kozun Scott Harrington Eric Gustafsson
Last Minutes Defensive
Center Left Wing Right Wing Defense Defense
Emil Pettersson William Carrier Brandon Kozun Scott Harrington Eric Gustafsson
Goaltenders
Starting : Oscar Dansk
Backup : Joacim Eriksson
Extra Forwards
Normal : Kurtis Macdermid, Cole Ully, Chris Wagner - PP : Kurtis Macdermid, Cole Ully - PK : Chris Wagner
Extra Defensemen
Normal : Jerome Gauthier-Leduc, Jordan Gross, Samuel Groulx - PP : Jerome Gauthier-Leduc - PK : Jordan Gross, Samuel Groulx
Penalty Shots
Brandon Kozun, William Carrier, Emil Pettersson, Kurtis Macdermid, Theodor Blueger
Scratches
Alex Lintuniemi (Healthy), Ben Jones (Healthy), Jacob Peterson (Healthy), Scott Reedy (Healthy), Jaedon Descheneau (Healthy)
Kyle Platzer (Right Foot Injury), Thomas Gobeil (Healthy), Logan Stanley (Strained Left Knee Injury), Drew O'Connor (Healthy), Dennis Cholowski (Healthy)
Alexei Toropchenko (Healthy), Kevin Lankinen (Healthy)
Eagles
5 vs 5 Forward
Center Left Wing Right Wing Time % Phy DF OF
1 Jonathan Marchessault Joseph Blandisi Nick Cousins 40 1 2 2
2 Drake Caggiula Anthony Duclair Matteson Iacopelli 30 1 2 2
3 Jared McCann Tyler Motte Chris Calhan 20 1 2 2
4 Zach Aston-Reese Michael Carcone Gabriel Vilardi 10 1 2 2
5 vs 5 Defense
Defense Defense Time % Phy DF OF
1 Ryan Murphy John Ramage 40 1 2 2
2 Connor Carrick Jonathan Racine 30 1 2 2
3 Xavier Ouellet Keaton Middleton 20 1 2 2
4 Mark Friedman Max Lajoie 10 1 2 2
PowerPlay Forward
Center Left Wing Right Wing Time % Phy DF OF
1 Jonathan Marchessault Joseph Blandisi Nick Cousins 60 1 2 2
2 Drake Caggiula Anthony Duclair Matteson Iacopelli 40 1 2 2
PowerPlay Defense
Defense Defense Time % Phy DF OF
1 Ryan Murphy John Ramage 60 1 2 2
2 Connor Carrick Jonathan Racine 40 1 2 2
Penalty Kill 4 Players Forward
Center Wing Time % Phy DF OF
1 Jonathan Marchessault Nick Cousins 60 1 2 2
2 Joseph Blandisi Drake Caggiula 40 1 2 2
Penalty Kill 4 Players Defense
Defense Defense Time % Phy DF OF
1 Ryan Murphy John Ramage 60 1 2 2
2 Connor Carrick Jonathan Racine 40 1 2 2
Penalty Kill - 3 Players Forward
Forward Time % Phy DF OF
1 Jonathan Marchessault 60 1 2 2
2 Nick Cousins 40 1 2 2
Penalty Kill - 3 Players Defense
Defense Defense Time % Phy DF OF
1 Ryan Murphy John Ramage 60 1 2 2
2 Connor Carrick Jonathan Racine 40 1 2 2
4 vs 4 Forward
Center Wing Time % Phy DF OF
1 Jonathan Marchessault Nick Cousins 60 1 2 2
2 Joseph Blandisi Drake Caggiula 40 1 2 2
4 vs 4 Defense
Defense Defense Time % Phy DF OF
1 Ryan Murphy John Ramage 60 1 2 2
2 Connor Carrick Jonathan Racine 40 1 2 2
Last Minutes Offensive
Center Left Wing Right Wing Defense Defense
Jonathan Marchessault Joseph Blandisi Nick Cousins Ryan Murphy John Ramage
Last Minutes Defensive
Center Left Wing Right Wing Defense Defense
Jonathan Marchessault Joseph Blandisi Nick Cousins Ryan Murphy John Ramage
Goaltenders
Starting : Antoine Bibeau
Backup : Jamie Phillips
Extra Forwards
Normal : Sam Steel, Pius Suter, Michael Dal Colle - PP : Sam Steel, Pius Suter - PK : Michael Dal Colle
Extra Defensemen
Normal : Xavier Ouellet, Keaton Middleton, Mark Friedman - PP : Xavier Ouellet - PK : Keaton Middleton, Mark Friedman
Penalty Shots
Jonathan Marchessault, Nick Cousins, Joseph Blandisi, Drake Caggiula, Anthony Duclair
Scratches
Pascal Laberge (Healthy), Walker Duehr (Healthy), Adin Hill (Healthy)
% Time on Ice - Barracuda
Lines # - Real PCT - Wanted PCT - Time Play
Normal Forward
1 - 36% - 40% - 14:55
2 - 28% - 30% - 11:51
3 - 22% - 20% - 9:07
4 - 14% - 10% - 5:55
Normal Defense
1 - 43% - 40% - 17:49
2 - 35% - 30% - 14:30
3 - 23% - 20% - 9:29
4 - 0% - 10% - 0:00
PP Forward
1 - 51% - 60% - 4:09
2 - 49% - 40% - 4:03
PP Defense
1 - 60% - 60% - 4:53
2 - 40% - 40% - 3:19
PK Forward
1 - 69% - 60% - 6:12
2 - 31% - 40% - 2:47
PK Defense
1 - 68% - 60% - 6:07
2 - 32% - 40% - 2:52
PK3 Forward
1 - 0% - 60%
2 - 0% - 40%
PK3 Defense
1 - 0% - 60%
2 - 0% - 40%
44 Forward
1 - 0% - 60%
2 - 0% - 40%
44 Defense
1 - 0% - 60%
2 - 0% - 40%
Last Minute Offensive - 1:01
Last Minute Defensive - 0:00
Total
Forward - 60:00
Defense - 60:00
|
% Time on Ice - Eagles
Lines # - Real PCT - Wanted PCT - Time Play
Normal Forward
1 - 35% - 40% - 14:35
2 - 27% - 30% - 11:10
3 - 24% - 20% - 9:56
4 - 15% - 10% - 6:04
Normal Defense
1 - 39% - 40% - 16:29
2 - 29% - 30% - 11:54
3 - 22% - 20% - 9:13
4 - 10% - 10% - 4:09
PP Forward
1 - 57% - 60% - 5:08
2 - 43% - 40% - 3:51
PP Defense
1 - 62% - 60% - 5:34
2 - 38% - 40% - 3:25
PK Forward
1 - 68% - 60% - 5:36
2 - 32% - 40% - 2:36
PK Defense
1 - 56% - 60% - 4:37
2 - 44% - 40% - 3:35
PK3 Forward
1 - 0% - 60%
2 - 0% - 40%
PK3 Defense
1 - 0% - 60%
2 - 0% - 40%
44 Forward
1 - 0% - 60%
2 - 0% - 40%
44 Defense
1 - 0% - 60%
2 - 0% - 40%
Last Minute Offensive - 0:00
Last Minute Defensive - 1:04
Total
Forward - 60:00
Defense - 60:00
|
Play-by-Play
1st period
0:01 of 1st period - Emil Pettersson wins face-off versus Joseph Blandisi in neutral zone.
0:15 of 1st period - Icing by John Ramage.
0:16 of 1st period - Jonathan Marchessault wins face-off versus Theodor Blueger in Eagles zone.
0:21 of 1st period - Wrist shot by Joseph Blandisi.
0:21 of 1st period - Goal by Joseph Blandisi - Barracuda : 0 - Eagles : 1.
0:22 of 1st period - Anthony Duclair wins face-off versus Noah Gregor in neutral zone.
1:12 of 1st period - Wrist shot by William Carrier.
1:12 of 1st period - Stopped by Antoine Bibeau without a rebound.
1:13 of 1st period - Zach Aston-Reese wins face-off versus Emil Pettersson in Eagles zone.
1:38 of 1st period - Slapshot by Brandon Kozun.
1:38 of 1st period - Shot Blocked by Max Lajoie.
1:40 of 1st period - Wrist shot by William Carrier.
1:40 of 1st period - Stopped by Antoine Bibeau with a rebound.
1:42 of 1st period - Snap shot by Emil Pettersson.
1:42 of 1st period - Shot Misses the Net.
1:56 of 1st period - Wrist shot by Emil Pettersson.
1:56 of 1st period - Shot Misses the Net.
1:58 of 1st period - Slapshot by Samuel Groulx.
1:58 of 1st period - Shot Misses the Net.
2:00 of 1st period - Slapshot by Samuel Groulx.
2:00 of 1st period - Shot Blocked by Mark Friedman.
2:02 of 1st period - Snap shot by Emil Pettersson.
2:02 of 1st period - Deflect By Brandon Kozun.
2:02 of 1st period - Shot Blocked by Zach Aston-Reese.
2:02 of 1st period - Puck is out of play.
2:03 of 1st period - Jonathan Marchessault wins face-off versus Aleksi Heponiemi in Eagles zone.
2:05 of 1st period - Minor Penalty to Ryan Murphy for Tripping.
2:06 of 1st period - Theodor Blueger wins face-off versus Jonathan Marchessault in Eagles zone.
2:08 of 1st period - Slapshot by Justin Shugg.
2:08 of 1st period - Shot Misses the Net.
2:10 of 1st period - Slapshot by Scott Harrington.
2:10 of 1st period - Shot Blocked by John Ramage.
2:12 of 1st period - Slapshot by Scott Harrington.
2:12 of 1st period - Stopped by Antoine Bibeau with a rebound.
2:14 of 1st period - Slapshot by Scott Harrington.
2:14 of 1st period - Stopped by Antoine Bibeau without a rebound.
2:15 of 1st period - Theodor Blueger wins face-off versus Jonathan Marchessault in Eagles zone.
2:26 of 1st period - Slapshot by Eric Gustafsson.
2:26 of 1st period - Stopped by Antoine Bibeau with a rebound.
2:28 of 1st period - Wrist shot by Kurtis Macdermid.
2:28 of 1st period - Shot Misses the Net.
2:30 of 1st period - Slapshot by Scott Harrington.
2:30 of 1st period - Stopped by Antoine Bibeau with a rebound.
2:32 of 1st period - Snap shot by Justin Shugg.
2:32 of 1st period - Deflect By Theodor Blueger.
2:32 of 1st period - Stopped by Antoine Bibeau without a rebound.
2:33 of 1st period - Jonathan Marchessault wins face-off versus Emil Pettersson in Eagles zone.
4:05 of 1st period - Penalty to Ryan Murphy is over, Ryan Murphy is back on ice.
5:17 of 1st period - Minor Penalty to Anthony Duclair for Holding.
5:18 of 1st period - Jonathan Marchessault wins face-off versus Emil Pettersson in Eagles zone.
5:50 of 1st period - Wrist shot by Theodor Blueger.
5:50 of 1st period - Stopped by Antoine Bibeau without a rebound.
5:51 of 1st period - Jonathan Marchessault wins face-off versus Emil Pettersson in Eagles zone.
6:00 of 1st period - Snap shot by Nick Cousins.
6:00 of 1st period - Stopped by Oscar Dansk with a rebound.
6:17 of 1st period - Theodor Blueger is hit by Ryan Murphy and loses puck.
6:24 of 1st period - John Ramage is hit by Eric Gustafsson and loses puck.
7:17 of 1st period - Penalty to Anthony Duclair is over, Anthony Duclair is back on ice.
7:25 of 1st period - Snap shot by Jared McCann.
7:25 of 1st period - Stopped by Oscar Dansk with a rebound.
7:27 of 1st period - Wrist shot by Jared McCann.
7:27 of 1st period - Stopped by Oscar Dansk with a rebound.
8:06 of 1st period - Kurtis Macdermid is hit by Anthony Duclair and loses puck.
8:21 of 1st period - Nick Cousins is hit by William Carrier and loses puck.
8:29 of 1st period - Minor Penalty to Eric Gustafsson for Roughing.
8:30 of 1st period - Jonathan Marchessault wins face-off versus William Carrier in Barracuda zone.
8:35 of 1st period - Snap shot by Jonathan Marchessault.
8:35 of 1st period - Shot Blocked by Brandon Kozun.
8:55 of 1st period - William Carrier is hit by Drake Caggiula and loses puck.
9:20 of 1st period - Snap shot by Kurtis Macdermid.
9:20 of 1st period - Goal by Kurtis Macdermid - Barracuda : 1 - Eagles : 1.
9:21 of 1st period - Jonathan Marchessault wins face-off versus Brandon Kozun in neutral zone.
9:26 of 1st period - Snap shot by Jonathan Marchessault.
9:26 of 1st period - Stopped by Oscar Dansk with a rebound.
9:28 of 1st period - Slapshot by Ryan Murphy.
9:28 of 1st period - Shot Misses the Net.
9:30 of 1st period - Wrist shot by Jonathan Marchessault.
9:30 of 1st period - Deflect By Joseph Blandisi.
9:30 of 1st period - Stopped by Oscar Dansk with a rebound.
9:32 of 1st period - Slapshot by Joseph Blandisi.
9:32 of 1st period - Goal by Joseph Blandisi - Barracuda : 1 - Eagles : 2.
9:33 of 1st period - Emil Pettersson wins face-off versus Nick Cousins in neutral zone.
9:54 of 1st period - William Carrier is hit by Jonathan Marchessault and loses puck.
10:18 of 1st period - Icing by John Ramage.
10:19 of 1st period - Jonathan Marchessault wins face-off versus Theodor Blueger in Eagles zone.
10:56 of 1st period - Wrist shot by Drake Caggiula.
10:56 of 1st period - Shot Misses the Net.
11:48 of 1st period - William Carrier is hit by Drake Caggiula and loses puck.
11:58 of 1st period - Off-side.
11:59 of 1st period - Theodor Blueger wins face-off versus Jared McCann in neutral zone.
12:26 of 1st period - Keaton Middleton is hit by William Carrier and loses puck.
12:31 of 1st period - Snap shot by Brandon Kozun.
12:31 of 1st period - Shot Hit the Post.
12:33 of 1st period - Slapshot by William Carrier.
12:33 of 1st period - Goal by William Carrier - Barracuda : 2 - Eagles : 2.
12:34 of 1st period - Jonathan Marchessault wins face-off versus Emil Pettersson in neutral zone.
12:45 of 1st period - Slapshot by Joseph Blandisi.
12:45 of 1st period - Shot Misses the Net.
12:47 of 1st period - Wrist shot by Joseph Blandisi.
12:47 of 1st period - Stopped by Oscar Dansk with a rebound.
12:49 of 1st period - Slapshot by Joseph Blandisi.
12:49 of 1st period - Deflect By Jonathan Marchessault.
12:49 of 1st period - Stopped by Oscar Dansk without a rebound.
12:50 of 1st period - Drake Caggiula wins face-off versus Theodor Blueger in Barracuda zone.
12:56 of 1st period - Theodor Blueger is hit by Connor Carrick.
13:04 of 1st period - Kurtis Macdermid is hit by Anthony Duclair and loses puck.
13:38 of 1st period - Off-side.
13:39 of 1st period - Cole Ully wins face-off versus Jared McCann in neutral zone.
13:44 of 1st period - Wrist shot by Noah Gregor.
13:44 of 1st period - Stopped by Antoine Bibeau with a rebound.
13:56 of 1st period - Chris Wagner is hit by Tyler Motte and loses puck.
14:15 of 1st period - Snap shot by Jared McCann.
14:15 of 1st period - Shot Blocked by Cole Ully.
14:22 of 1st period - Minor Penalty to Noah Gregor for Slashing.
14:23 of 1st period - Jonathan Marchessault wins face-off versus Brandon Kozun in Barracuda zone.
14:35 of 1st period - Wrist shot by Nick Cousins.
14:35 of 1st period - Stopped by Oscar Dansk with a rebound.
14:37 of 1st period - Wrist shot by Nick Cousins.
14:37 of 1st period - Stopped by Oscar Dansk with a rebound.
14:39 of 1st period - Snap shot by Joseph Blandisi.
14:39 of 1st period - Stopped by Oscar Dansk without a rebound.
14:40 of 1st period - Drake Caggiula wins face-off versus Brandon Kozun in Barracuda zone.
15:11 of 1st period - Wrist shot by Nick Cousins.
15:11 of 1st period - Shot Misses the Net.
15:13 of 1st period - Snap shot by Connor Carrick.
15:13 of 1st period - Stopped by Oscar Dansk without a rebound.
15:14 of 1st period - Brandon Kozun wins face-off versus Jonathan Marchessault in Barracuda zone.
15:29 of 1st period - Jonathan Racine is hit by William Carrier and loses puck.
15:49 of 1st period - Off-side.
15:50 of 1st period - Jonathan Marchessault wins face-off versus Brandon Kozun in neutral zone.
16:15 of 1st period - Kurtis Macdermid is hit by Anthony Duclair and loses puck.
16:22 of 1st period - Penalty to Noah Gregor is over, Noah Gregor is back on ice.
16:32 of 1st period - Slapshot by Eric Gustafsson.
16:32 of 1st period - Shot Hit the Post.
16:34 of 1st period - Snap shot by Kurtis Macdermid.
16:34 of 1st period - Stopped by Antoine Bibeau without a rebound.
16:35 of 1st period - Jared McCann wins face-off versus Noah Gregor in Eagles zone.
16:49 of 1st period - Snap shot by Chris Wagner.
16:49 of 1st period - Shot Misses the Net.
16:51 of 1st period - Snap shot by Noah Gregor.
16:51 of 1st period - Stopped by Antoine Bibeau without a rebound.
16:52 of 1st period - Jonathan Marchessault wins face-off versus Emil Pettersson in Eagles zone.
17:01 of 1st period - Wrist shot by Brandon Kozun.
17:01 of 1st period - Shot Misses the Net.
17:03 of 1st period - Slapshot by William Carrier.
17:03 of 1st period - Stopped by Antoine Bibeau with a rebound.
17:05 of 1st period - Wrist shot by Emil Pettersson.
17:05 of 1st period - Shot Blocked by Connor Carrick.
17:07 of 1st period - Wrist shot by Emil Pettersson.
17:07 of 1st period - Deflect By Nick Cousins.
17:07 of 1st period - Shot Misses the Net.
17:07 of 1st period - Puck is out of play.
17:08 of 1st period - Drake Caggiula wins face-off versus Theodor Blueger in Eagles zone.
17:08 of 1st period - Drake Caggiula is hit by Justin Shugg.
17:23 of 1st period - Snap shot by Theodor Blueger.
17:23 of 1st period - Stopped by Antoine Bibeau with a rebound.
17:33 of 1st period - Emil Pettersson is hit by Nick Cousins and loses puck.
18:02 of 1st period - Wrist shot by Jared McCann.
18:02 of 1st period - Stopped by Oscar Dansk without a rebound.
18:03 of 1st period - Jonathan Marchessault wins face-off versus Brandon Kozun in Barracuda zone.
18:08 of 1st period - Snap shot by Joseph Blandisi.
18:08 of 1st period - Stopped by Oscar Dansk with a rebound.
18:24 of 1st period - Minor Penalty to Emil Pettersson for Holding.
18:25 of 1st period - Jonathan Marchessault wins face-off versus Brandon Kozun in Barracuda zone.
19:00 of 1st period - Wrist shot by Drake Caggiula.
19:00 of 1st period - Stopped by Oscar Dansk with a rebound.
Goals for this period are 2 for Barracuda vs 2 for Eagles.
Shots for this period are 15 for Barracuda vs 16 for Eagles.
2nd period
0:01 of 2nd period - Brandon Kozun wins face-off versus Jonathan Marchessault in neutral zone.
0:14 of 2nd period - Wrist shot by William Carrier.
0:14 of 2nd period - Stopped by Antoine Bibeau with a rebound.
0:16 of 2nd period - Wrist shot by Brandon Kozun.
0:16 of 2nd period - Shot Misses the Net.
0:24 of 2nd period - Penalty to Emil Pettersson is over, Emil Pettersson is back on ice.
1:10 of 2nd period - Wrist shot by Nick Cousins.
1:10 of 2nd period - Goal by Nick Cousins - Barracuda : 2 - Eagles : 3.
1:11 of 2nd period - Drake Caggiula wins face-off versus Theodor Blueger in neutral zone.
1:16 of 2nd period - Snap shot by Anthony Duclair.
1:16 of 2nd period - Goal by Anthony Duclair - Barracuda : 2 - Eagles : 4.
1:16 of 2nd period - Joacim Eriksson enters game.
1:17 of 2nd period - Theodor Blueger wins face-off versus Drake Caggiula in neutral zone.
1:24 of 2nd period - Snap shot by Kurtis Macdermid.
1:24 of 2nd period - Stopped by Antoine Bibeau without a rebound.
1:25 of 2nd period - Kurtis Macdermid wins face-off versus Drake Caggiula in Eagles zone.
1:58 of 2nd period - Slapshot by Cole Ully.
1:58 of 2nd period - Stopped by Antoine Bibeau without a rebound.
1:59 of 2nd period - Jonathan Marchessault wins face-off versus Emil Pettersson in Eagles zone.
2:01 of 2nd period - Minor Penalty to Nick Cousins for Roughing.
2:02 of 2nd period - Jonathan Marchessault wins face-off versus Emil Pettersson in Eagles zone.
2:32 of 2nd period - Kurtis Macdermid is hit by Ryan Murphy and loses puck.
3:43 of 2nd period - Theodor Blueger is hit by Michael Dal Colle and loses puck.
4:01 of 2nd period - Penalty to Nick Cousins is over, Nick Cousins is back on ice.
4:08 of 2nd period - Snap shot by Chris Wagner.
4:08 of 2nd period - Shot Hit the Post.
5:52 of 2nd period - Anthony Duclair is hit by Noah Gregor and loses puck.
6:35 of 2nd period - Connor Carrick is hit by Brandon Kozun and loses puck.
6:50 of 2nd period - Snap shot by Gabriel Vilardi.
6:50 of 2nd period - Stopped by Joacim Eriksson without a rebound.
6:51 of 2nd period - Zach Aston-Reese wins face-off versus Theodor Blueger in Barracuda zone.
7:18 of 2nd period - Connor Carrick is hit by Justin Shugg and loses puck.
7:36 of 2nd period - Slapshot by Eric Gustafsson.
7:36 of 2nd period - Stopped by Antoine Bibeau with a rebound.
7:38 of 2nd period - Slapshot by Scott Harrington.
7:38 of 2nd period - Stopped by Antoine Bibeau with a rebound.
7:40 of 2nd period - Snap shot by Justin Shugg.
7:40 of 2nd period - Stopped by Antoine Bibeau without a rebound.
7:41 of 2nd period - Jonathan Marchessault wins face-off versus Emil Pettersson in Eagles zone.
7:57 of 2nd period - Wrist shot by Jonathan Marchessault.
7:57 of 2nd period - Shot Misses the Net.
8:16 of 2nd period - Wrist shot by Anthony Duclair.
8:16 of 2nd period - Shot Misses the Net.
8:43 of 2nd period - Minor Penalty to Tyler Motte for Tripping.
8:44 of 2nd period - Emil Pettersson wins face-off versus Jonathan Marchessault in Eagles zone.
8:55 of 2nd period - Slapshot by Brandon Kozun.
8:55 of 2nd period - Shot Misses the Net.
8:57 of 2nd period - Snap shot by Emil Pettersson.
8:57 of 2nd period - Shot Misses the Net.
8:59 of 2nd period - Slapshot by Scott Harrington.
8:59 of 2nd period - Shot Misses the Net.
9:41 of 2nd period - Connor Carrick is hit by Brandon Kozun and loses puck.
10:43 of 2nd period - Penalty to Tyler Motte is over, Tyler Motte is back on ice.
10:54 of 2nd period - Wrist shot by Zach Aston-Reese.
10:54 of 2nd period - Stopped by Joacim Eriksson with a rebound.
10:56 of 2nd period - Snap shot by Michael Carcone.
10:56 of 2nd period - Stopped by Joacim Eriksson with a rebound.
10:58 of 2nd period - Snap shot by Xavier Ouellet.
10:58 of 2nd period - Stopped by Joacim Eriksson without a rebound.
10:59 of 2nd period - Aleksi Heponiemi wins face-off versus Jared McCann in Barracuda zone.
12:25 of 2nd period - Snap shot by Tyler Motte.
12:25 of 2nd period - Stopped by Joacim Eriksson with a rebound.
12:27 of 2nd period - Snap shot by Tyler Motte.
12:27 of 2nd period - Deflect By Chris Calhan.
12:27 of 2nd period - Stopped by Joacim Eriksson with a rebound.
12:29 of 2nd period - Snap shot by Jared McCann.
12:29 of 2nd period - Shot Blocked by Mario Lucia.
12:31 of 2nd period - Snap shot by Jared McCann.
12:31 of 2nd period - Shot Blocked by Samuel Groulx.
13:14 of 2nd period - Emil Pettersson is hit by Matteson Iacopelli and loses puck.
13:35 of 2nd period - Slapshot by Kurtis Macdermid.
13:35 of 2nd period - Shot Misses the Net.
13:41 of 2nd period - Justin Shugg is hit by Matteson Iacopelli and loses puck.
14:00 of 2nd period - Wrist shot by Drake Caggiula.
14:00 of 2nd period - Shot Blocked by Justin Shugg.
14:26 of 2nd period - Snap shot by Drake Caggiula.
14:26 of 2nd period - Shot Blocked by Justin Shugg.
14:32 of 2nd period - Wrist shot by Anthony Duclair.
14:32 of 2nd period - Shot Misses the Net.
14:34 of 2nd period - Backhand shot by Xavier Ouellet.
14:34 of 2nd period - Deflect By Scott Harrington.
14:34 of 2nd period - Stopped by Joacim Eriksson with a rebound.
14:38 of 2nd period - Snap shot by Anthony Duclair.
14:38 of 2nd period - Shot Misses the Net.
14:40 of 2nd period - Slapshot by Anthony Duclair.
14:40 of 2nd period - Shot Blocked by Kurtis Macdermid.
14:42 of 2nd period - Snap shot by Matteson Iacopelli.
14:42 of 2nd period - Shot Misses the Net.
14:44 of 2nd period - Slapshot by Keaton Middleton.
14:44 of 2nd period - Shot Blocked by Theodor Blueger.
14:46 of 2nd period - Slapshot by Keaton Middleton.
14:46 of 2nd period - Shot Blocked by Scott Harrington.
14:48 of 2nd period - Slapshot by Anthony Duclair.
14:48 of 2nd period - Deflect By Theodor Blueger.
14:48 of 2nd period - Goal by Anthony Duclair - Barracuda : 2 - Eagles : 5.
14:49 of 2nd period - Nick Cousins wins face-off versus Emil Pettersson in neutral zone.
15:15 of 2nd period - John Ramage is hit by Chris Wagner and loses puck.
17:39 of 2nd period - Slapshot by Eric Gustafsson.
17:39 of 2nd period - Stopped by Antoine Bibeau with a rebound.
17:41 of 2nd period - Slapshot by Eric Gustafsson.
17:41 of 2nd period - Shot Misses the Net.
17:43 of 2nd period - Wrist shot by Brandon Kozun.
17:43 of 2nd period - Shot Misses the Net.
18:28 of 2nd period - Slapshot by Jonathan Marchessault.
18:28 of 2nd period - Stopped by Joacim Eriksson with a rebound.
18:40 of 2nd period - Jonathan Racine is hit by Scott Harrington.
18:46 of 2nd period - Wrist shot by William Carrier.
18:46 of 2nd period - Stopped by Antoine Bibeau without a rebound.
18:47 of 2nd period - Jonathan Marchessault wins face-off versus Emil Pettersson in Eagles zone.
19:34 of 2nd period - Chris Wagner is hit by Jonathan Marchessault and loses puck.
Goals for this period are 0 for Barracuda vs 3 for Eagles.
Shots for this period are 8 for Barracuda vs 11 for Eagles.
3rd period
0:01 of 3rd period - Emil Pettersson wins face-off versus Jonathan Marchessault in neutral zone.
0:16 of 3rd period - Snap shot by Nick Cousins.
0:16 of 3rd period - Stopped by Joacim Eriksson without a rebound.
0:17 of 3rd period - Theodor Blueger wins face-off versus Drake Caggiula in Barracuda zone.
0:44 of 3rd period - Off-side.
0:45 of 3rd period - Jonathan Marchessault wins face-off versus William Carrier in neutral zone.
1:10 of 3rd period - Justin Shugg is hit by Matteson Iacopelli.
1:11 of 3rd period - Icing by Justin Shugg.
1:12 of 3rd period - Theodor Blueger wins face-off versus Anthony Duclair in Barracuda zone.
1:51 of 3rd period - Snap shot by Anthony Duclair.
1:51 of 3rd period - Stopped by Joacim Eriksson without a rebound.
1:52 of 3rd period - Emil Pettersson wins face-off versus Jonathan Marchessault in Barracuda zone.
2:01 of 3rd period - Slapshot by Samuel Groulx.
2:01 of 3rd period - Stopped by Antoine Bibeau with a rebound.
2:17 of 3rd period - Ryan Murphy is hit by Alex Henriksson and loses puck.
2:32 of 3rd period - Slapshot by Joseph Blandisi.
2:32 of 3rd period - Shot Misses the Net.
3:14 of 3rd period - Off-side.
3:15 of 3rd period - Theodor Blueger wins face-off versus Jared McCann in neutral zone.
3:18 of 3rd period - Snap shot by Justin Shugg.
3:18 of 3rd period - Shot Misses the Net.
3:27 of 3rd period - Off-side.
3:28 of 3rd period - Joseph Blandisi wins face-off versus Emil Pettersson in neutral zone.
3:53 of 3rd period - Theodor Blueger is hit by Ryan Murphy and loses puck.
4:14 of 3rd period - Slapshot by Eric Gustafsson.
4:14 of 3rd period - Shot Misses the Net.
5:33 of 3rd period - Snap shot by Cole Ully.
5:33 of 3rd period - Deflect By Noah Gregor.
5:33 of 3rd period - Goal by Noah Gregor - Barracuda : 3 - Eagles : 5.
5:34 of 3rd period - Emil Pettersson wins face-off versus Jonathan Marchessault in neutral zone.
5:37 of 3rd period - Joseph Blandisi is hit by Scott Harrington and loses puck.
5:58 of 3rd period - John Ramage is hit by Emil Pettersson and loses puck.
7:46 of 3rd period - Wrist shot by Eric Gustafsson.
7:46 of 3rd period - Shot Misses the Net.
8:25 of 3rd period - Slapshot by Jonathan Marchessault.
8:25 of 3rd period - Shot Blocked by Scott Harrington.
8:43 of 3rd period - Wrist shot by Jonathan Marchessault.
8:43 of 3rd period - Shot Misses the Net.
8:45 of 3rd period - Slapshot by Ryan Murphy.
8:45 of 3rd period - Stopped by Joacim Eriksson with a rebound.
9:07 of 3rd period - Brandon Kozun is hit by Nick Cousins and loses puck.
9:20 of 3rd period - Snap shot by Jonathan Marchessault.
9:20 of 3rd period - Stopped by Joacim Eriksson without a rebound.
9:21 of 3rd period - Drake Caggiula wins face-off versus Theodor Blueger in Barracuda zone.
10:08 of 3rd period - Icing by Jerome Gauthier-Leduc.
10:09 of 3rd period - Noah Gregor wins face-off versus Zach Aston-Reese in Barracuda zone.
10:09 of 3rd period - Noah Gregor is hit by Zach Aston-Reese.
10:12 of 3rd period - Chris Wagner is hit by Michael Carcone and loses puck.
10:15 of 3rd period - Minor Penalty to Xavier Ouellet for Goalie Interference.
10:16 of 3rd period - Michael Dal Colle wins face-off versus Theodor Blueger in Eagles zone.
10:29 of 3rd period - Wrist shot by Theodor Blueger.
10:29 of 3rd period - Stopped by Antoine Bibeau with a rebound.
10:31 of 3rd period - Snap shot by Kurtis Macdermid.
10:31 of 3rd period - Goal by Kurtis Macdermid - Barracuda : 4 - Eagles : 5.
10:32 of 3rd period - Matteson Iacopelli wins face-off versus Theodor Blueger in neutral zone.
10:35 of 3rd period - Snap shot by Anthony Duclair.
10:35 of 3rd period - Shot Misses the Net.
10:43 of 3rd period - Slapshot by Drake Caggiula.
10:43 of 3rd period - Stopped by Joacim Eriksson without a rebound.
10:44 of 3rd period - Drake Caggiula wins face-off versus Theodor Blueger in Barracuda zone.
10:45 of 3rd period - Wrist shot by Anthony Duclair.
10:45 of 3rd period - Shot Misses the Net.
10:47 of 3rd period - Slapshot by Drake Caggiula.
10:47 of 3rd period - Stopped by Joacim Eriksson with a rebound.
10:57 of 3rd period - Snap shot by Anthony Duclair.
10:57 of 3rd period - Stopped by Joacim Eriksson with a rebound.
11:02 of 3rd period - Icing by Theodor Blueger.
11:03 of 3rd period - Theodor Blueger wins face-off versus Jared McCann in Barracuda zone.
11:18 of 3rd period - Slapshot by Theodor Blueger.
11:18 of 3rd period - Shot Misses the Net.
11:45 of 3rd period - Minor Penalty to Noah Gregor for Holding.
11:46 of 3rd period - Brandon Kozun wins face-off versus Drake Caggiula in Barracuda zone.
13:10 of 3rd period - Jonathan Racine is hit by Alex Henriksson and loses puck.
13:45 of 3rd period - Penalty to Noah Gregor is over, Noah Gregor is back on ice.
14:01 of 3rd period - Slapshot by Tyler Motte.
14:01 of 3rd period - Stopped by Joacim Eriksson with a rebound.
14:13 of 3rd period - Eric Gustafsson is hit by Keaton Middleton and loses puck.
14:32 of 3rd period - Snap shot by Cole Ully.
14:32 of 3rd period - Stopped by Antoine Bibeau without a rebound.
14:33 of 3rd period - Jared McCann wins face-off versus Theodor Blueger in Eagles zone.
14:56 of 3rd period - Wrist shot by Alex Henriksson.
14:56 of 3rd period - Shot Misses the Net.
14:58 of 3rd period - Slapshot by Jordan Gross.
14:58 of 3rd period - Shot Misses the Net.
15:14 of 3rd period - Joseph Blandisi is hit by Jordan Gross and loses puck.
15:39 of 3rd period - Gabriel Vilardi is hit by Emil Pettersson and loses puck.
16:08 of 3rd period - Snap shot by Kurtis Macdermid.
16:08 of 3rd period - Stopped by Antoine Bibeau with a rebound.
16:35 of 3rd period - Minor Penalty to Alex Henriksson for Charging.
16:36 of 3rd period - Jonathan Marchessault wins face-off versus Brandon Kozun in Barracuda zone.
17:04 of 3rd period - Eric Gustafsson is hit by Matteson Iacopelli and loses puck.
18:28 of 3rd period - Robin Norell is hit by Nick Cousins and loses puck.
18:35 of 3rd period - Penalty to Alex Henriksson is over, Alex Henriksson is back on ice.
19:02 of 3rd period - Joseph Blandisi is hit by Brandon Kozun and loses puck.
19:09 of 3rd period - Snap shot by Joseph Blandisi.
19:09 of 3rd period - Shot Blocked by Brandon Kozun.
19:53 of 3rd period - Brandon Kozun is hit by Keaton Middleton and loses puck.
Goals for this period are 2 for Barracuda vs 0 for Eagles.
Shots for this period are 6 for Barracuda vs 8 for Eagles.